 Dungeon Sprint DCSS version 0.28-a0-1199-gef9e1dbd39 (webtiles) character file.

Game seed: 2972663517760734386

336 rocky1 the Cleaver (level 6, -2/91 HPs)
             Began as an Ogre Hunter on Dec 19, 2021.
             Was a Follower of Okawaru.
             Slain by a swamp dragon (4 damage)
             ... in the Dungeon (Sprint VII: "The Pits").
             The game lasted 00:05:07 (799 turns).

rocky1 the Cleaver (Ogre Hunter)                     Turns: 799, Time: 00:05:07

Health: -2/91      AC: 10    Str: 19    XL:     6   Next: 54%
Magic:  6/7        EV: 10    Int: 12    God:    Okawaru [*.....]
Gold:   0          SH:  0    Dex:  9    Spells: 5/5 levels left

rFire   . . .      SeeInvis .   a - +1 mace (protect)
rCold   . . .      Faith    .   (no shield)
rNeg    . . .      Spirit   .   b - +0 robe
rPois   .          Reflect  .   (helmet restricted)
rElec   .          Harm     .   (no cloak)
rCorr   .          Rampage  .   (gloves unavailable)
Will    .....      NoTele   +   (boots unavailable)
Stlth   ..........              (no amulet)
HPRegen 0.25/turn               (no ring)
MPRegen 0.10/turn               (no ring)

@: berserking (expiring), under a protective aura, very quick
A: large, unfitting armour, tough skin 1
a: Renounce Religion, Heroism


You were in the Dungeon.
You worshipped Okawaru.
Okawaru was aware of your devotion.
You visited 1 branch

Inventory:

Hand Weapons
 a - a +1 mace of protection (weapon)
 m - a +2 hand axe of freezing
Missiles
 c - 5 large rocks (quivered)
 d - 2 throwing nets
Armour
 b - a +0 robe (worn)
Scrolls
 j - a scroll of blinking
Potions
 e - 5 potions of curing
 f - 4 potions of heal wounds
 g - a potion of haste
 h - 2 potions of magic


   Skills:
 + Level 3.6 Fighting
 + Level 12.6(12.7) Axes
 + Level 1.0(7.4) Maces & Flails
 - Level 4.1 Throwing
 + Level 0.9 Armour
 + Level 2.3 Dodging
 - Level 0.6 Stealth
 + Level 1.5 Invocations


You had 5 spell levels left.
You didn't know any spells.
Your spell library was empty.

Dungeon Overview and Level Annotations

Branches:
Dungeon (1/1)

Altars:
Ashenzari
Cheibriados
Dithmenos
Elyvilon
Fedhas
Gozag
Hepliaklqana
Kikubaaqudgha
Makhleb
Nemelex Xobeh
Okawaru
Qazlal
Ru
Sif Muna
Trog
Uskayaw
Vehumet
Wu Jian
Xom
Yredelemnul
Zin
The Shining One
Beogh
Jiyva
Lugonu


Innate Abilities, Weirdness & Mutations

You are too large for most types of armour.
You have tough skin. (AC +1)


Message History

* * * LOW HITPOINT WARNING * * *
The swamp dragon claws you but does no damage.
The swamp dragon tramples you.
* * * LOW HITPOINT WARNING * * *
You stumble backwards!
You thump the swamp dragon!
The swamp dragon is moderately wounded.
The swamp dragon bites you.
* * * LOW HITPOINT WARNING * * *
The swamp dragon claws you.
* * * LOW HITPOINT WARNING * * *
The swamp dragon closely misses you.
You hit the swamp dragon but do no damage.
The swamp dragon is moderately wounded.
You sock the swamp dragon!
The swamp dragon is heavily wounded.
The swamp dragon bites you.
* * * LOW HITPOINT WARNING * * *
The swamp dragon claws you but does no damage.
The swamp dragon tramples you.
* * * LOW HITPOINT WARNING * * *
You hold your ground!
You sock the swamp dragon!
The swamp dragon is severely wounded.
The swamp dragon closely misses you.
The swamp dragon claws you but does no damage.
The swamp dragon barely misses you.
You closely miss the swamp dragon.
The swamp dragon is severely wounded.
The swamp dragon bites you.
* * * LOW HITPOINT WARNING * * *
The swamp dragon claws you.
* * * LOW HITPOINT WARNING * * *
The swamp dragon closely misses you.
You hit the swamp dragon.
The swamp dragon is severely wounded.
You hit the swamp dragon.
The swamp dragon is severely wounded.
The swamp dragon bites you.
You die...

#.#..)..#))#####'#####++
#.#..####.)##.......#
#.#..#..#))##.......#
#.#.†#..#..##.......#
#.##'#..#'###...<...#
#.#........##.......#
#.#........##.......#
#)###########.......#
#.......#@.##########
#.###...#D## ###
#.#.....#y# ...#
#.#...#.#y#y...#
#.....#.#yz....+
#...###.#'#....#
#.......).#....#
########### ####


You could see a swamp dragon, a flying skull and 3 killer bees.

Vanquished Creatures
  A basilisk (D)
  An ogre (D)
  A killer bee (D)
  An iron imp (D)
  An orc wizard (D)
  4 orcs (D)
  A bat zombie (D)
  2 endoplasms (D)
  A goblin (D)
  2 jackals (D)
  2 quokkas (D)
  A ball python skeleton (D)
  3 frilled lizards (D)
  A giant cockroach zombie (D)
  A kobold (D)
  A quokka zombie (D)
24 creatures vanquished.

Notes
Turn   | Place    | Note
-------+----------+-------------------------------------------
     0 | D        | rocky1 the Ogre Hunter began the quest for the Orb.
     0 | D        | Reached XP level 1. HP: 22/22 MP: 1/1
    30 | D        | Found a bloodstained altar of Trog.
    30 | D        | Found a shimmering blue altar of Sif Muna.
    30 | D        | Found a viscous altar of Jiyva.
    30 | D        | Found a hazy altar of Hepliaklqana.
    30 | D        | Found an opulent altar of Gozag.
    31 | D        | Found a glowing golden altar of the Shining One.
    31 | D        | Found a glowing silver altar of Zin.
    31 | D        | Found a basalt altar of Yredelemnul.
    31 | D        | Found a shimmering altar of Xom.
    31 | D        | Found an ornate altar of the Wu Jian Council.
    31 | D        | Found a sacrificial altar of Ru.
    31 | D        | Found a stormy altar of Qazlal.
    31 | D        | Found an iron altar of Okawaru.
    31 | D        | Found a sparkling altar of Nemelex Xobeh.
    31 | D        | Found a burning altar of Makhleb.
    31 | D        | Found a blossoming altar of Fedhas.
    31 | D        | Found a white marble altar of Elyvilon.
    31 | D        | Found a shadowy altar of Dithmenos.
    31 | D        | Found a snail-covered altar of Cheibriados.
    33 | D        | Found a radiant altar of Vehumet.
    33 | D        | Found a corrupted altar of Lugonu.
    34 | D        | Found a hide-covered altar of Uskayaw.
    34 | D        | Found an ancient bone altar of Kikubaaqudgha.
    34 | D        | Found a broken altar of Ashenzari.
    39 | D        | Became a worshipper of Warmaster Okawaru
    58 | D        | Reached skill level 1 in Axes
    74 | D        | Reached skill level 2 in Axes
    84 | D        | Reached skill level 3 in Axes
   407 | D        | Reached XP level 2. HP: 31/31 MP: 2/2
   418 | D        | Reached skill level 4 in Axes
   483 | D        | Noticed an ogre
   487 | D        | Killed an ogre
   488 | D        | Reached skill level 8 in Axes
   488 | D        | Reached XP level 3. HP: 37/37 MP: 3/3
   488 | D        | Reached XP level 4. HP: 45/45 MP: 4/4
   509 | D        | Reached skill level 9 in Axes
   509 | D        | Reached XP level 5. HP: 45/53 MP: 5/5
   540 | D        | Noticed a basilisk
   557 | D        | Killed a basilisk
   557 | D        | Reached * piety under Okawaru
   558 | D        | Reached skill level 12 in Axes
   558 | D        | Reached XP level 6. HP: 24/61 MP: 6/6
   772 | D        | Noticed a flying skull
   772 | D        | Noticed a swamp dragon
   784 | D        | Reached skill level 1 in Maces & Flails
   784 | D        | Reached skill level 1 in Invocations
   797 | D        | HP: 2/91 [swamp dragon (3)]
   799 | D        | Slain by a swamp dragon

Illustrated notes

Levels and vault maps discovered:
D:        pitsprint [storerooms_1, entrance_room_1, metal_vault_1, armoury_3,
          mini_pit_1, grid_room_1, main_hall_1, silver_pit, the_coven_1,
          the_vestibule_1, steel_vault_3, golden_pit, hallway_of_sentries,
          crystal_vault_1, iron_vault_1, final_vault]

Skill      XL: |  1  2  3  4  5  6 |
---------------+-------------------+-----
Fighting       | 3 |  3.6
Dodging        | 2 |  2.3
Axes           | 3 8 9 12 | 12.6
Maces & Flails | 1 |  1.0
Invocations    | 1 |  1.5
Throwing       | |  4.1
Armour         | |  0.9
Stealth        | |  0.6

Action                   |  1- 3 |  4- 6 || total
-------------------------+-------+-------++-------
Melee: Hand axe          |    22 |       ||    22
       Short sword       |     2 |       ||     2
       Mace              |     1 |    64 ||    65
       Unarmed           |       |     1 ||     1
Throw: Large rock        |     2 |     4 ||     6
Invok: Heroism           |       |     1 ||     1
  Use: Potion            |       |     4 ||     4
Armor: Robe              |     6 |    23 ||    29
Dodge: Dodged            |     8 |    42 ||    50

Table legend: (Time is in decaauts)
 A = Elapsed time spent in this place.
 B = Non-inter-level travel time spent in this place.
 C = Inter-level travel time spent in this place.
 D = Time resting spent in this place.
 E = Time spent auto-exploring this place.
 F = Levels seen in this place.
 G = Mean time per level.
                   A        B        C        D        E       F      G
               +--------+--------+--------+--------+--------+-----+--------+
         Total |    807 |    807 |      0 |    483 |      0 |   1 |  807.0 |
       Dungeon |    807 |    807 |      0 |    483 |      0 |   1 |  807.0 |
               +--------+--------+--------+--------+--------+-----+--------+

Top non-repeatable levels by time:
       D: 807 daAuts
